 Dungeon Sprint DCSS version 0.30-a0-913-g9934a0ce24 (webtiles) character file.

Game seed: 11598092031349382500

128 fozzywoppz the Conjurer (level 4, -6/30 HPs)
             Began as a Demonspawn Conjurer on Mar 19, 2023.
             Was a Follower of Vehumet.
             Mangled by a mummy (11 damage)
             ... in the Dungeon (Sprint V: "Ziggurat Sprint").
             The game lasted 00:07:15 (375 turns).

fozzywoppz the Conjurer (Demonspawn Conjurer)        Turns: 375, Time: 00:07:15

Health: -6/30      AC:  8    Str: 14    XL:     4   Next: 86%
Magic:  15/17      EV:  7    Int: 33    God:    Vehumet [*.....]
Gold:   0          SH:  0    Dex: 11    Spells: 11/14 levels left

rFire   . . .      SeeInvis .    z - +6 Majin-Bo {spellvamp, MP+6 Int+6}
rCold   . . .      Faith    .    (no shield)
rNeg    . . .      Spirit   .    E - +0 chain mail
rPois   .          Reflect  .    (no helmet)
rElec   .          Rampage  .    (no cloak)
rCorr   .          NoTele   +    (no gloves)
Will    .....                    (no boots) Stlth
                                 (no amulet)
HPRegen 0.25/turn                v - +6 ring of intelligence
MPRegen 0.15/turn                x - +6 ring of strength

@: no status effects
A: hooves 1, ignite blood 1, demonic magic 1
a: Renounce Religion


You were in the Dungeon.
You worshipped Vehumet.
Vehumet was aware of your devotion.
You visited 1 branch

Inventory:

Hand Weapons
 s - a +5 quick blade
 t - a +5 hand crossbow
 z - the +6 Majin-Bo (weapon) {spellvamp, MP+6 Int+6}
   (You found it in the Dungeon)

   Int:       It affects your intelligence (+6).
   MP:        It affects your magic capacity (+6).
 A - the +27 heavy crossbow "Sniper" {heavy, Acc+∞ SInv}
   (You found it in the Dungeon)

   Acc+∞: It never misses its target.
   SInv:      It lets you see invisible.
 B - the +6 shillelagh "Devastator" {shatter}
   (You found it in the Dungeon)
Armour
 a - a +0 robe
 k - +5 storm dragon scales
 C - a +3 buckler
 E - a +0 chain mail (worn)
Jewellery
 u - a +6 ring of dexterity
 v - a +6 ring of intelligence (left hand)
 w - a +6 ring of intelligence
 x - a +6 ring of strength (right hand)
 D - a +6 ring of strength
Wands
 q - a wand of mindburst (7)
 r - a wand of acid (7)
Scrolls
 g - 4 scrolls of blinking
 m - 4 scrolls of amnesia
 n - 7 scrolls of fog
 o - 5 scrolls of identify
 p - 2 scrolls of fear
Potions
 b - 8 potions of magic
 c - 10 potions of curing
 d - 7 potions of heal wounds
 e - 6 potions of haste
 f - 3 potions of berserk rage
 h - 2 potions of brilliance
 i - 2 potions of invisibility
 j - 4 potions of resistance
 l - 5 potions of might
Miscellaneous
 y - a lightning rod (4/4)


   Skills:
 - Level 2.7 Staves
 - Level 2.6 Armour
 + Level 4.5 Dodging
 - Level 3.6 Stealth
 + Level 5.5 Spellcasting
 + Level 7.0 Conjurations


You had 11 spell levels left.
You knew the following spells:

 Your Spells              Type           Power      Damage    Failure   Level
a - Magic Dart            Conj           100%       1d8       6%          1
b - Searing Ray           Conj           100%       2d8       10%         2

Your spell library contained the following spells:

 Spells                   Type           Power      Damage    Failure   Level
 Dazzling Flash           Conj/Hex       64%        N/A       63%         3
 Sandblast                Erth           18%        2d7       75%         1
 Fulminant Prism          Conj/Hex       16%        3d11      95%         4
 Iskenderun's Mystic Bla  Conj/Tloc      32%        2d8       95%         4
 Animate Armour           Summ/Erth      18%        N/A       100%        4
 Leda's Liquefaction      Hex/Erth       4%         N/A       100%        4
 Death's Door             Necr           4%         N/A       100%        9


Dungeon Overview and Level Annotations

Branches:
Dungeon (1/1)

Altars:
Ashenzari
Cheibriados
Dithmenos
Fedhas
Gozag
Hepliaklqana
Kikubaaqudgha
Makhleb
Nemelex Xobeh
Okawaru
Qazlal
Ru
Sif Muna
Trog
Uskayaw
Vehumet
Wu Jian
Xom
Yredelemnul
Jiyva
Lugonu

Annotations:
D 1 transporter


Innate Abilities, Weirdness & Mutations

You have large cloven feet.
Your demonic aura sometimes causes spilled blood to erupt in flames.
Spells you cast may paralyse adjacent enemies.


Message History

Aiming: Searing Ray (safe; 10% risk of failure)
Press: ? - help, Shift-Dir - straight line, f - flying skull
Aim: a flying skull (68% to hit)
The searing ray hits the flying skull but does no damage. (Press . to maintain the ray.) Malevolent energies surge around you.
Unknown command.
Casting: Searing Ray (safe; 10% risk of failure)
Confirm with . or Enter, or press ? or * to list all spells.
Aiming: Magic Dart (safe; 6% risk of failure)
Press: ? - help, Shift-Dir - straight line, f/p - flying skull
Aim: a flying skull (100% to hit)
The magic dart hits the flying skull but does no damage.
Malevolent energies surge around you. The flying skull hits you.
Unknown command.
Okay, then.
Okay, then.
You miss the flying skull. The flying skull completely misses you.
The ushabti shakes and rattles.
The vile air hits the mummy!
The vile air hits the flying skull but does no damage.
The vile air hits you.
Unknown command.
The flying skull completely misses you. The flying skull hits you.
You hit the flying skull. Your kick misses the flying skull.
The flying skull is lightly damaged.
The flying skull hits you but does no damage.
The ushabti shakes and rattles deafeningly!
Unknown command.
You hit the mummy. Your kick misses the mummy.
The mummy is severely damaged.
The flying skull hits you but does no damage.
The flying skull hits you. The mummy hits you but does no damage.
Unknown command.
You hit the mummy. Your kick misses the mummy.
The mummy is almost destroyed.
The flying skull hits you!
* * * LOW HITPOINT WARNING * * *
The mummy hits you!
You die...

▓▓▓▓▓▓▓▓▓▓▓▓▓▓▓▓▓▓▓
▓.8©8.▓.8©8.▓.8©8.▓
▓.)}|.▓..|).▓.....▓
▓..:..▓.....▓...[.▓
▓.....▓.....▓.....▓
▓.°.9.▓.....▓.....▓
▓..zM.▓.)...▓..©..▓
▓..M@.▓.)©..▓▓▓▓▓▓▓
▓▓▓▓▓▓▓▓▓▓▓▓▓


You could see an ushabti (catching breath), a flying skull and 2 mummies.

Vanquished Creatures
  A crimson imp (D)
  An orc priest (D)
  2 orc wizards (D)
  A white imp (D)
5 creatures vanquished.

Notes
Turn   | Place    | Note
-------+----------+-------------------------------------------
     0 | D        | fozzywoppz the Demonspawn Conjurer began the quest for the
                  | Orb.
     0 | D        | Reached XP level 1. HP: 13/13 MP: 3/3
     0 | D        | Found a shimmering blue altar of Sif Muna.
     0 | D        | Found a bloodstained altar of Trog.
     0 | D        | Found a sacrificial altar of Ru.
     0 | D        | Found a stormy altar of Qazlal.
     0 | D        | Found an iron altar of Okawaru.
     1 | D        | Found a sparkling altar of Nemelex Xobeh.
     1 | D        | Found a blossoming altar of Fedhas.
     1 | D        | Found the +6 Majin-Bo {spellvamp, MP+6 Int+6}
     1 | D        | Found the +27 heavy crossbow "Sniper" {heavy, Acc+∞ SInv}
     1 | D        | Found the +10 dark maul {heavy}
     1 | D        | Found the +15 Maxwell's patent armour {-Cast -Tele rElec
                  | Will+ rCorr}
     1 | D        | Found the +18 shield of the Gong {Loud rN+ Will+ rCorr
                  | EV-5}
     1 | D        | Found the +16 obsidian axe {drain, demonic, Mesm Drain Fly
                  | SInv}
     1 | D        | Found the +7 great mace "Firestarter" {flame, inner flame,
                  | rFlCloud rF++}
     1 | D        | Found the +6 shillelagh "Devastator" {shatter}
     1 | D        | Found the +11 plutonium sword {Contam Stlth-}
     1 | D        | Found the +8 lance "Wyrmbane" {slay drac, rPois rF+ rC+
                  | AC+3}
     1 | D        | Found the +9 sword of Zonguldrok {reap}
     1 | D        | Found the +13 scythe of Curses {drain, curses, Drain}
     1 | D        | Found the +9 sword of Power {lifebolt}
     1 | D        | Found the +7 mace of Variability {chaos, chain chaos}
     1 | D        | Found the +11 Singing Sword {sonic wave}
     1 | D        | Found the +8 storm bow {elec, penet}
     3 | D        | Found a transporter.
     3 | D        | Found an ancient bone altar of Kikubaaqudgha.
     3 | D        | Found a viscous altar of Jiyva.
     3 | D        | Found a corrupted altar of Lugonu.
     3 | D        | Found a hazy altar of Hepliaklqana.
     3 | D        | Found a burning altar of Makhleb.
     3 | D        | Found an opulent altar of Gozag.
    79 | D        | Reached skill level 6 in Conjurations
    79 | D        | Gained mutation: Spells you cast may paralyse adjacent
                  | enemies. [demonic ancestry]
    79 | D        | Reached XP level 2. HP: 19/19 MP: 3/7
   126 | D        | Became a worshipper of Vehumet
   136 | D        | Learned a level 2 spell: Searing Ray
   152 | D        | Entered arena 2.
   152 | D        | Noticed a crimson imp
   152 | D        | Found a transporter.
   157 | D        | Killed a crimson imp
   158 | D        | Reached skill level 1 in Staves
   158 | D        | Reached skill level 1 in Armour
   158 | D        | Gained mutation: You have large cloven feet. [demonic
                  | ancestry]
   158 | D        | Reached XP level 3. HP: 19/24 MP: 3/9
   162 | D        | Reached skill level 5 in Spellcasting
   252 | D        | Entered arena 3.
   252 | D        | Found a transporter.
   267 | D        | Reached * piety under Vehumet
   267 | D        | Offered knowledge of Sandblast by Vehumet.
   268 | D        | Gained mutation: Your demonic aura sometimes causes spilled
                  | blood to erupt in flames. [demonic ancestry]
   268 | D        | Reached XP level 4. HP: 16/30 MP: 11/11
   288 | D        | HP: 1/30 [something (4)]
   293 | D        | Reached skill level 7 in Conjurations
   301 | D        | Got the Omnibus of Stolen Souls and Spelunking
   368 | D        | Entered arena 4.
   368 | D        | Noticed an ushabti
   368 | D        | Noticed a flying skull
   368 | D        | Found a transporter.
   375 | D        | Mangled by a mummy

Illustrated notes

Levels and vault maps discovered:
D:        sprint_v [room_start, room_1, room_2, room_3, room_4, room_5, room_6,
          room_7, room_8, room_9, room_10, room_11, room_12, room_13, room_14,
          room_15, room_16, room_17, room_18, room_19, room_20, room_21,
          room_22, room_23, room_24, room_25, room_26, room_27]

Skill      XL: |  1  2  3  4 |
---------------+-------------+-----
Dodging        | 3 4 |  4.5
Spellcasting   | 4 5 |  5.5
Conjurations   | 6 7 |  7.0
Staves         | 1 2 |  2.7
Armour         | 1 2 |  2.6
Stealth        | 2 3 |  3.6

Action                     |  1- 3 |  4- 6 || total
---------------------------+-------+-------++-------
  Melee: Staff             |    12 |    23 ||    35
         Kick              |     2 |     2 ||     4
         Punch             |     1 |       ||     1
   Cast: Magic Dart        |     3 |     1 ||     4
         Searing Ray       |     2 |     1 ||     3
    Use: Potion            |     1 |     3 ||     4
 Armour: Storm dragon scal |    27 |    20 ||    47
         Chain mail        |       |     3 ||     3
  Dodge: Dodged            |     4 |    11 ||    15

Table legend: (Time is in decaauts)
 A = Elapsed time spent in this place.
 B = Non-inter-level travel time spent in this place.
 C = Inter-level travel time spent in this place.
 D = Time resting spent in this place.
 E = Time spent auto-exploring this place.
 F = Levels seen in this place.
 G = Mean time per level.
                   A        B        C        D        E       F      G
               +--------+--------+--------+--------+--------+-----+--------+
         Total |    376 |    376 |      0 |    112 |      0 |   1 |  376.0 |
       Dungeon |    376 |    376 |      0 |    112 |      0 |   1 |  376.0 |
               +--------+--------+--------+--------+--------+-----+--------+

Top non-repeatable levels by time:
       D: 376 daAuts
